 Dungeon Crawl Stone Soup version 0.26-a0-1132-ge9770dfcb6 (webtiles) character file.

Game seed: 17285918320744814483

58 sahdkjhfkaj the Skirmisher (level 3, 0/39 HPs)
             Began as a Troll Berserker on Dec 20, 2020.
             Was a Believer of Trog.
             Succumbed to an orc wizard's poison
             ... on level 2 of the Dungeon.
             The game lasted 00:00:31 (769 turns).

sahdkjhfkaj the Skirmisher (Troll Berserker)         Turns: 769, Time: 00:00:31

Health: 0/39       AC:  6    Str: 25    XL:     3   Next: 76%
Magic:  2/2        EV: 10    Int:  4    God:    Trog [**....]
Gold:   104        SH:  0    Dex:  9    Spells: 2/2 levels left

rFire    . . .     SeeInvis .     - Unarmed
rCold    . . .     Faith    .   (no shield)
rNeg     . . .     Spirit   .   a - +0 animal skin
rPois    .         Reflect  .   (helmet restricted)
rElec    .         Harm     .   (no cloak)
rCorr    .         Rampage  .   (gloves unavailable)
Will     .....                  (boots unavailable)
Stlth    +.........             (no amulet)
HPRegen  0.53/turn              (no ring)
MPRegen  0.08/turn              (no ring)

@: mighty, lethally poisoned (0 -> -14), berserk cooldown, slowed, very slow
A: large, unfitting armour, claws 3, regeneration 1, shaggy fur 1, tough skin 3
a: Renounce Religion, Berserk, Trog's Hand


You were on level 2 of the Dungeon.
You worshipped Trog.
Trog was pleased with you.
You visited 1 branch of the dungeon, and saw 2 of its levels.

You collected 104 gold pieces.

Inventory:

Armour
 a - a +0 animal skin (worn)
Scrolls
 c - 2 scrolls of identify {unknown}
 d - a scroll of enchant armour {unknown}
Potions
 b - a potion of invisibility {unknown}
 e - a potion of degeneration {unknown}
 f - a potion of might


   Skills:
 + Level 3.9 Fighting
 - Level 2.4 Dodging
 - Level 3.0 Unarmed Combat


You had 2 spell levels left.
You didn't know any spells.
Your spell library was empty.

Dungeon Overview and Level Annotations

Branches:
Dungeon (2/15)

Altars:


Innate Abilities, Weirdness & Mutations

You are too large for most types of armour.
You have claws for hands.
Your natural rate of healing is unusually fast.
You are covered in fur. (AC +1)
You have extremely tough skin. (AC +3)


Message History

Trog appreciates your killing of a magic user.
You are no longer berserk.
You are exhausted.
You feel as though you will be slow longer.
* * * LOW HITPOINT WARNING * * *
You feel sick.
The orc priest hits you but does no damage.
The giant cockroach bites you.
* * * LOW HITPOINT WARNING * * *
The orc barely misses you.
You scratch the orc priest.
The orc priest is moderately wounded.
* * * LOW HITPOINT WARNING * * *
You feel very sick.
The giant cockroach bites you but does no damage.
The orc priest looks satisfied for a moment.
The orc hits you but does no damage. The giant cockroach barely misses you.
It was a potion of might.
You feel very mighty all of a sudden.
You die...

#######.#.# #.#..#.#
.......<..# #.#..#.#
###############
#.#..#.#
.........######.####.#
###.................##
##....#######.#.....#
#.....+ #.#.###.#
#.....# #.#.# #.#
#..B@o# #.#.# #.#
#..o).# #.#.# #.#
#.....# #.#.# #.#
#.g...# ###.#.# #.#
#.....# #...# #.#
#.##### #.#######.# ..
#.#.......# ###
#.#.####### #.#.#


You could see an orc priest, an orc, a giant cockroach and a goblin.

Vanquished Creatures
  An orc wizard (D:2)
  An ooze (D:2)
  A worm (D:2)
  An orc (D:2)
  A giant cockroach (D:1)
  4 goblins (D:1)
  2 hobgoblins (D:1)
  2 jackals (D:1)
  A kobold (D:1)
  A ball python (D:1)
  4 bats (D:1)
  A frilled lizard (D:1)
  3 rats (D:1)
23 creatures vanquished.

Notes
Turn   | Place    | Note
-------+----------+-------------------------------------------
     0 | D:1      | sahdkjhfkaj the Troll Berserker began the quest for the
                  | Orb.
     0 | D:1      | Reached XP level 1. HP: 22/22 MP: 0/0
   286 | D:1      | Reached XP level 2. HP: 28/29 MP: 1/1
   447 | D:1      | Reached ** piety under Trog
   722 | D:2      | Reached XP level 3. HP: 37/37 MP: 2/2
   769 | D:2      | Succumbed to an orc wizard's poison

Illustrated notes

Levels and vault maps discovered:
D:1:      dpeg_arrival_three_smaller_balls, layout_rooms,
          chequers_serial_rivers_micro_b, patterned_corridor
D:2:      layout_basic, nicolae_overflow_crystal_walls, vehumet_crystals

Skill      XL: |  1  2 |
---------------+-------+-----
Fighting       | 3 |  3.9
Dodging        | |  2.4
Unarmed Combat | |  3.0

Action                   || total
-------------------------++-------
Melee: Unarmed           ||    74
       Punch             ||     1
Invok: Berserk           ||     1
  Use: Potion            ||     1
Armor: Animal skin       ||    24
Dodge: Dodged            ||    47

Table legend: (Time is in decaauts)
 A = Elapsed time spent in this place.
 B = Non-inter-level travel time spent in this place.
 C = Inter-level travel time spent in this place.
 D = Time resting spent in this place.
 E = Time spent auto-exploring this place.
 F = Levels seen in this place.
 G = Mean time per level.
                   A        B        C        D        E       F      G
               +--------+--------+--------+--------+--------+-----+--------+
         Total |    764 |    750 |     14 |      0 |    611 |   2 |  382.0 |
       Dungeon |    764 |    750 |     14 |      0 |    611 |   2 |  382.0 |
               +--------+--------+--------+--------+--------+-----+--------+

Top non-repeatable levels by time:
     D:1: 642 daAuts
     D:2: 121 daAuts
